 Dungeon Crawl Stone Soup version 0.31.0-1-g2c135a0 (webtiles) character file.

Game seed: 9853705292023334098

777 pepegeman the Chopper (level 8, 0/61 HPs)
             Began as a Formicid Fighter on Mar 22, 2024.
             Was an Initiate of the Shining One.
             Slain by a two-headed ogre
             ... wielding a +0 giant spiked club
              (15 damage)
             ... on level 5 of the Dungeon.
             The game lasted 00:12:30 (4551 turns).

pepegeman the Chopper (Formicid Fighter)            Turns: 4551, Time: 00:12:30

Health: 0/61       AC: 12    Str: 25    XL:     8   Next: 10%
Magic:  8/8        EV:  9    Int:  8    God:    the Shining One [......]
Gold:   209        SH:  5    Dex: 16    Spells: 7/7 levels left

rFire   . . .        a - +0 war axe
rCold   . . .        c - +0 buckler
rNeg    . . .        y - +1 chain mail "Jatij" {^Drain rPois Str+2}
rPois   +            (helmet unavailable)
rElec   .            (no cloak)
rCorr   .            m - +0 pair of gloves {Dex+3}
SInv    +            (no boots)
Will    .....        (no amulet) Stlth
                     (no ring)
HPRegen 0.30/turn    (no ring)
MPRegen 0.11/turn

%: no passive effects
@: mighty, glowing
A: permanent stasis, dig shafts and tunnels, antennae 3, four strong arms
a: Dig, Shaft Self, Renounce Religion


You were on level 5 of the Dungeon.
You worshipped the Shining One.
The Shining One was noncommittal.
You visited 2 branches of the dungeon, and saw 6 of its levels.

You collected 209 gold pieces.

Inventory:

Hand Weapons
 a - a +0 war axe (weapon)
Armour
 b - a +0 scale mail
 c - a +0 buckler (worn)
 m - a +0 pair of gloves of dexterity (worn)
 q - a +2 robe of willpower
 y - the +1 chain mail "Jatij" (worn) {^Drain rPois Str+2}
   (You took it off a gnoll on level 4 of the Dungeon)

   Str+2:     It affects your strength (+2).
   rPois:     It protects you from poison ^Drain: It drains your maximum health
   when unequipped.
Jewellery
 t - a ring of wizardry
Scrolls
 e - 3 scrolls of revelation
 f - 2 scrolls of enchant armour {unknown}
 g - 2 scrolls of vulnerability
 h - 2 scrolls of enchant weapon {unknown}
 j - a scroll of amnesia {unknown}
 n - a scroll of butterflies {unknown}
 r - 2 scrolls of poison
 s - a scroll of noise {unknown}
 u - a scroll of teleportation {unknown}
 v - a scroll of fear {unknown}
 w - a scroll of acquirement {unknown}
 x - 2 scrolls of immolation {unknown}
Potions
 d - a potion of might
 i - a potion of magic {unknown}
 k - 3 potions of curing {unknown}
 l - a potion of heal wounds {unknown}
 o - 2 potions of cancellation {unknown}
 p - a potion of lignification {unknown}
 z - a potion of resistance {unknown}
 A - a potion of enlightenment {unknown}
 B - a potion of haste {unknown}
 C - a potion of invisibility {unknown}


   Skills:
 + Level 4.4 Fighting
 + Level 5.9 Axes
 + Level 5.7 Armour
 + Level 1.6 Dodging
 + Level 0.5 Stealth
 + Level 5.4 Shields


You had 7 spell levels left.
You didn't know any spells.
Your spell library contained the following spells:

 Spells                   Type           Power      Damage    Failure   Level
 Apportation              Tloc           0%         N/A       94%         1
 Foxfire                  Conj/Fire      0%         2x1d4     94%         1
 Necrotise                Necr           0%         1d4       94%         1
 Sting                    Conj/Alch      0%         1d3       94%         1
 Summon Small Mammal      Summ           0%         N/A       94%         1
 Plasma Beam              Fire/Air       0%         2x1d10    100%        6
 Starburst                Conj/Fire      0%         6d3       100%        6


Dungeon Overview and Level Annotations

Branches:
Dungeon (5/15)             Temple (1/1) D:5

Altars:
Ashenzari
Cheibriados
Dithmenos
Elyvilon
Fedhas
Gozag
Hepliaklqana
Kikubaaqudgha
Nemelex Xobeh
Okawaru
Qazlal
Ru
Sif Muna
Trog
Uskayaw
Vehumet
Wu Jian
Xom
Yredelemnul
The Shining One

Annotations:
D:5 Menkaure


Innate Abilities, Weirdness & Mutations

You cannot be hasted, slowed, berserked, paralysed or teleported.
You can dig through walls and to a lower floor.
You have a pair of large antennae on your head. (SInv)
Your four strong arms can wield two-handed weapons with a shield.


Message History

There is a glowing golden altar of the Shining One here.
There is a white marble altar of Elyvilon here.
There is a glowing golden altar of the Shining One here.
There is a white marble altar of Elyvilon here.
There is a glowing golden altar of the Shining One here.
There is a white marble altar of Elyvilon here.
There is a glowing golden altar of the Shining One here.
There is a white marble altar of Elyvilon here.
There is a glowing golden altar of the Shining One here.
There is a white marble altar of Elyvilon here.
There is a glowing golden altar of the Shining One here.
There is a white marble altar of Elyvilon here.
You feel mightier all of a sudden.
There is a staircase back to the Dungeon here.
You climb upwards.
Welcome back to the Dungeon!
Level annotation: Menkaure You block the two-headed ogre's attack.
The two-headed ogre closely misses you.
There is a staircase to the Ecumenical Temple here.
You slash the two-headed ogre!
The two-headed ogre is moderately wounded.
The two-headed ogre barely misses you.
The two-headed ogre hits you with a +0 giant club.
You slash the two-headed ogre!
The two-headed ogre is heavily wounded.
The two-headed ogre hits you with a +0 giant spiked club!
The two-headed ogre hits you with a +0 giant club!
You hit the two-headed ogre.
The two-headed ogre is severely wounded.
The two-headed ogre closely misses you.
The two-headed ogre hits you with a +0 giant club!
* * * LOW HITPOINT WARNING * * *
You barely miss the two-headed ogre.
The two-headed ogre is severely wounded.
You barely miss the two-headed ogre.
The two-headed ogre is severely wounded.
The two-headed ogre barely misses you. You block the two-headed ogre's attack.
You slash the two-headed ogre!
The two-headed ogre is almost dead.
The two-headed ogre hits you with a +0 giant spiked club!
You die...

.# ..$# #...### .#
....######.#...# .#
..............# .#
(...###.....###..# .#
...#~~~~~~~~~#.## .####
...#~#.....#~#.#
....#### ...~.......~..#
.......# #..~.......~..#
..#.##.# #..~...@...~..#
....##.###..~..O....~..#
............~.......~...
......<##..#~#.....#~#.#
.......##..#~~~~~~~~~#.#
.......##..###.....###{
##...#####.. .......
....## ...#######.#
##### ...#


You could see a two-headed ogre.

Vanquished Creatures
  Sigmund (D:2)
  A wraith (Temple)
  A black bear (D:4)
  2 hounds (D:4)
  2 orc priests
  An orc wizard (D:4)
  A sleepcap (D:4)
  6 gnolls
  4 adders
  A dart slug (D:1)
  2 ribbon worms (D:2)
  11 orcs
  8 bats
  9 endoplasms
  6 giant cockroaches
  9 goblins
  6 hobgoblins
  12 jackals
  3 kobolds
  5 quokkas
  3 ball pythons
  2 frilled lizards
  9 rats
105 creatures vanquished.

Notes
Turn   | Place    | Note
-------+----------+-------------------------------------------
     0 | D:1      | pepegeman the Formicid Fighter began the quest for the Orb.
     0 | D:1      | Reached XP level 1. HP: 18/18 MP: 1/1
    77 | D:1      | Reached XP level 2. HP: 24/24 MP: 2/2
   535 | D:1      | Reached XP level 3. HP: 29/29 MP: 3/3
  1011 | D:2      | Found a faded altar of an unknown god.
  1079 | D:2      | Reached XP level 4. HP: 29/35 MP: 4/4
  1407 | D:2      | Noticed Sigmund
  1416 | D:2      | Killed Sigmund
  1417 | D:2      | Reached XP level 5. HP: 34/42 MP: 5/5
  1417 | D:2      | Reached XP level 6. HP: 39/48 MP: 6/6
  2855 | D:4      | Found a shimmering blue altar of Sif Muna.
  2861 | D:4      | Found a bloodstained altar of Trog.
  2900 | D:4      | Noticed a black bear
  3064 | D:4      | Reached skill level 1 in Dodging
  3064 | D:4      | Reached XP level 7. HP: 50/54 MP: 7/7
  3067 | D:4      | Reached skill level 5 in Shields
  3081 | D:4      | Reached skill level 5 in Axes
  3127 | D:4      | Found a snail-covered altar of Cheibriados.
  3591 | D:4      | Reached skill level 5 in Armour
  3663 | D:4      | Identified the +1 chain mail "Jatij" {^Drain rPois Str+2}
  4290 | D:5      | Entered Level 5 of the Dungeon
  4296 | D:5      | Noticed Menkaure
  4453 | D:5      | Found a staircase to the Ecumenical Temple.
  4455 | D:5      | Noticed a two-headed ogre
  4500 | D:5      | Noticed a wraith
  4512 | Temple   | Entered the Ecumenical Temple
  4522 | Temple   | Killed a wraith
  4523 | Temple   | Reached XP level 8. HP: 60/61 MP: 8/8
  4525 | Temple   | Became a worshipper of the Shining One
  4551 | D:5      | Slain by a two-headed ogre

Illustrated notes

Levels and vault maps discovered:
D:1:      tarquinn_simple_flora_water_c, layout_basic, minmay_tetromino_t4
D:2:      layout_basic, basic_ecumenical_altar, kennysheep_generic_room_11,
          uniq_sigmund
D:3:      layout_loops_ring, nicolae_grassy_gnolls
D:4:      layout_basic, hellmonk_overflow_destroyed_library,
          mainiacjoe_overflow_alcove_1, minivault_23, st_stairs_1, sigmund_army
D:5:      cheibrodos_two_vegetables, layout_loops_cross,
          mainiacjoe_overflow_cross_hatched, minmay_temple_entry_water_ring,
          minmay_manual_maat, uniq_menkaure
Temple:   sentei_temple_godly_chess

Skill      XL: |  1  2  3  4  5  6  7 |
---------------+----------------------+-----
Axes           | 3 4 5 |  5.9
Fighting       | 4 |  4.4
Armour         | 4 5 |  5.7
Dodging        | 1 |  1.6
Shields        | 5 |  5.4
Stealth        | |  0.5

Action                     |  1- 3 |  4- 6 |  7- 9 || total
---------------------------+-------+-------+-------++-------
  Melee: War axe           |    81 |   118 |    96 ||   295
    Use: Potion            |       |     1 |     2 ||     3
         Scroll            |       |     3 |     1 ||     4
 Armour: Scale mail        |    60 |   131 |    37 ||   228
         Chain mail        |       |       |    31 ||    31
  Dodge: Dodged            |    44 |    93 |    62 ||   199
  Block: Buckler           |    31 |    49 |    28 ||   108
